 Dungeon Crawl Stone Soup version 0.19.1-1-g22dce08 (webtiles) character file.

81 HEYYEYAAE the Chiller (level 4, -10/36 HPs)
             Began as a Draconian Ice Elementalist on Jan 7, 2017.
             Mangled by lorenzova's ghost (16 damage)
             ... on level 3 of the Dungeon.
             The game lasted 00:01:58 (1816 turns).

HEYYEYAAE the Chiller (Draconian Ice Elementalist)  Turns: 1816, Time: 00:01:59

Health: -10/36     AC:  6    Str: 11    XL:     4   Next: 19%
Magic:  1/8        EV: 18    Int: 21    God:
Gold:   51         SH:  0    Dex: 16    Spells: 1 memorised, 8 levels left

rFire  + . .     SeeInvis .     m - +0 spear
rCold  + . .     Gourm    .     (armour unavailable)
rNeg   . . .     Faith    .     (no shield)
rPois  +         Spirit   .     (helmet restricted)
rElec  +         Reflect  .     (no cloak)
rCorr  +         Harm     .     h - +0 pair of gloves
MR     .....                    (no boots)
Stlth  +++.......               (no amulet)
                                (no ring)
                                k - ring of flight

@: brilliant, agile, resistant
A: unfitting armour, cold-blooded, AC +5
a: Evoke Flight


You were on level 3 of the Dungeon.
You were very hungry.

You visited 1 branch of the dungeon, and saw 3 of its levels.

You collected 51 gold pieces.

Inventory:

Hand Weapons
 m - a +0 spear (weapon)
Missiles
 i - 24 sling bullets
Armour
 h - a +0 pair of gloves (worn)
Jewellery
 k - a ring of flight (left hand)
Scrolls
 c - a scroll of remove curse {unknown}
 d - 3 scrolls of teleportation {unknown}
 e - 2 scrolls of enchant weapon {unknown}
 f - 3 scrolls of identify {unknown}
 g - a scroll of recharging {unknown}
Books
 a - a book of Frost

   Spells                             Type                      Level
   a - Freeze                         Ice                          1
   b - Throw Frost                    Conjuration/Ice              2
   c - Ozocubu's Armour               Charms/Ice                   3
   d - Throw Icicle                   Conjuration/Ice              4
   e - Summon Ice Beast               Ice/Summoning                4
Comestibles
 b - 3 bread rations
 o - 2 fruits


   Skills:
 + Level 1.8 Fighting
 + Level 2.3 Dodging
 - Level 1.7 Stealth
 * Level 3.0 Spellcasting
   Level 1.0 Conjurations
 * Level 3.5 Ice Magic


You had 8 spell levels left.
You knew the following spells:

 Your Spells              Type           Power        Failure   Level  Hunger
a - Freeze                Ice            ####         1%          1    None


Dungeon Overview and Level Annotations

Branches:
Dungeon (3/15)

Altars:
Yredelemnul

Annotations:
D:3 lorenzova's ghost, amateur HOFi


Innate Abilities, Weirdness & Mutations

Your plain brown scales are hard. (AC +5)
You cannot fit into any form of body armour.
You are cold-blooded and may be slowed by cold attacks.


Message History

Lorenzova's ghost closely misses you.
You barely miss lorenzova's ghost.
Lorenzova's ghost is lightly damaged.
Lorenzova's ghost hits you!
* * * LOW HITPOINT WARNING * * *
Your magical contamination has completely faded away.
You hit lorenzova's ghost but do no damage.
You tail-slap lorenzova's ghost, but do no damage.
Lorenzova's ghost is lightly damaged.
Lorenzova's ghost closely misses you.
Unknown command.
A dart slug comes into view.
A quokka comes into view.
Lorenzova's ghost says, "Are you willing to die fighting?
I was!"
Found 6 gold pieces.
It was a potion of brilliance.
You feel clever all of a sudden. Lorenzova's ghost misses you.
Lorenzova's ghost hits you!
You die...

#......# #.# #.#
#.# #.# #)# #†#
#########.#
#......@..###.
#......W.....r..
#......w...##...
#..........# .
#######....#
......# .......#
.......# .$...#


You could see lorenzova's ghost, a dart slug and a quokka.

Vanquished Creatures
  An orc wizard (D:3)
  An adder (D:2)
  A worm (D:2)
  2 dart slugs (D:1)
  2 leopard geckos
  2 orcs (D:3)
  A ball python (D:2)
  4 giant cockroaches
  5 goblins
  4 hobgoblins
  3 kobolds (D:2)
  2 bats
  3 frilled lizards
  3 rats
34 creatures vanquished.

Notes
Turn   | Place    | Note
-------+----------+-------------------------------------------
     0 | D:1      | HEYYEYAAE the Draconian Ice Elementalist began the quest for the Orb.
     0 | D:1      | Reached XP level 1. HP: 14/14 MP: 3/3
   132 | D:1      | Reached XP level 2. HP: 11/20 MP: 5/5
   235 | D:1      | Reached skill level 1 in Fighting
  1132 | D:2      | Reached XP level 3. HP: 28/28 MP: 3/6
  1336 | D:2      | Found a basalt altar of Yredelemnul.
  1772 | D:3      | Noticed lorenzova's ghost (amateur HOFi)
  1798 | D:3      | Reached XP level 4. HP: 17/36 MP: 0/8
  1816 | D:3      | Mangled by lorenzova's ghost

Skill      XL: |  1  2  3  4 |
---------------+-------------+-----
Dodging        | 2 |  2.3
Fighting       | 1 |  1.8
Spellcasting   | 3 |  3.0
Stealth        | |  1.7
Conjurations   | |  1.0
Ice Magic      | |  3.5

Action                   |  1- 3 |  4- 6 || total
-------------------------+-------+-------++-------
Melee: Unarmed           |   112 |       ||   112
       Tailslap          |    12 |     2 ||    14
       Spear             |    65 |     8 ||    73
 Cast: Freeze            |    22 |     2 ||    24
  Use: Potion            |     1 |     4 ||     5
 Stab: Sleeping          |     2 |       ||     2
  Eat: Chunk             |     2 |       ||     2
Armor: Skin              |    54 |     1 ||    55
Dodge: Dodged            |   129 |     9 ||   138
